 Dungeon Crawl Stone Soup version bcrawl-1.21 (webtiles) character file.

Game seed: 7913848256106300587

176 Mrkan the Shield-Bearer (level 5, -1/47 HPs)
             Began as a Gnoll Fighter on Feb 11, 2020.
             Slain by a wyvern (6 damage)
             ... on level 4 of the Dungeon.
             The game lasted 00:02:34 (2434 turns).

Mrkan the Shield-Bearer (Gnoll Fighter)             Turns: 2434, Time: 00:02:34

Health: -1/47      AC: 11    Str: 19    XL:     5   Next: 56%
Magic:  7/7        EV:  6    Int: 10    God:
Gold:   168        SH: 11    Dex: 15    Spells: 7/7 levels left

rFire    . . .     SeeInvis .   a - +0 trident
rCold    . . .     Gourm    .   c - +0 shield
rNeg     . . .     Faith    .   y - +0 chain mail
rPois    .         Spirit   .   (no helmet)
rElec    .         Reflect  .   (no cloak)
rCorr    .         Harm     .   k - +0 pair of gloves
MR       .....                  (no boots)
Stlth    ..........             (no amulet)
HPRegen  0.15/turn              (no ring)
MPRegen  0.10/turn              (no ring)

@: no status effects
A: distributed training, fangs 1, strong nose
a: no special abilities


You were on level 4 of the Dungeon.
You were hungry.

You visited 1 branch of the dungeon, and saw 4 of its levels.

You collected 168 gold pieces.

Inventory:

Hand Weapons
 a - a +0 trident (weapon)
Armour
 c - a +0 shield (worn)
 k - a +0 pair of gloves (worn)
 y - a +0 chain mail (worn)
Jewellery
 f - an uncursed amulet of the gourmand {unknown}
 m - an uncursed ring of magical power {unknown}
 o - an uncursed amulet of magic regeneration {unknown}
 t - an uncursed amulet of the acrobat {unknown}
 w - an uncursed ring of protection from magic {unknown}
Scrolls
 g - 3 scrolls of blinking {unknown}
 h - 3 scrolls of remove curse {unknown}
 i - a scroll of amnesia {unknown}
 j - 3 scrolls of identify {unknown}
 n - a scroll of fog {unknown}
 p - 2 scrolls of magic mapping {unknown}
 q - a scroll of enchant armour {unknown}
 r - a scroll of fear {unknown}
Potions
 b - a potion of haste {unknown}
 d - a potion of might
 l - 3 potions of agility {unknown}
 s - a potion of heal wounds {unknown}
 u - a potion of invisibility {unknown}
 v - a potion of flight {unknown}
Comestibles
 e - 5 rations {!d}


   Skills:
 + Level 6.7 Fighting
 + Level 1.5 Short Blades
 + Level 1.5 Long Blades
 + Level 1.5 Axes
 + Level 1.5 Maces & Flails
 + Level 4.8 Polearms
 + Level 1.5 Staves
 + Level 1.5 Slings
 + Level 1.5 Bows
 + Level 1.5 Crossbows
 + Level 1.5 Throwing
 + Level 6.7 Armour
 + Level 1.5 Dodging
 + Level 1.5 Stealth
 + Level 6.7 Shields
 + Level 1.5 Unarmed Combat
 + Level 1.5 Spellcasting
 + Level 1.2 Conjurations
 + Level 1.2 Hexes
 + Level 1.2 Charms
 + Level 1.2 Summonings
 + Level 1.2 Necromancy
 + Level 1.2 Translocations
 + Level 1.2 Transmutations
 + Level 1.2 Fire Magic
 + Level 1.2 Ice Magic
 + Level 1.2 Air Magic
 + Level 1.2 Earth Magic
 + Level 1.2 Poison Magic
 + Level 1.7 Invocations
 + Level 1.5 Evocations


You had 7 spell levels left.
You didn't know any spells.
Your spell library was empty.

Dungeon Overview and Level Annotations

Branches:
Dungeon (4/12)
 Temple: D:4-7

Altars:
Dithmenos

Shops:
D:4 [%:


Innate Abilities, Weirdness & Mutations

Your experience applies equally to all skills.
You have very sharp teeth.
Your uncanny sense of smell can sniff out nearby items.


Message History

The wyvern bites you!
You closely miss the wyvern.
The wyvern is moderately wounded.
You block the wyvern's attack. The wyvern bites you!
You puncture the wyvern!
The wyvern is heavily wounded.
You block the wyvern's attack. The wyvern bites you!
* * * LOW HITPOINT WARNING * * *
You closely miss the wyvern.
The wyvern is heavily wounded.
You block the wyvern's attack.
You closely miss the wyvern.
The wyvern is heavily wounded.
The wyvern bites you!
* * * LOW HITPOINT WARNING * * *
You block the wyvern's attack.
You hit the wyvern but do no damage.
The wyvern is heavily wounded.
The wyvern bites you.
You die...

#.....#.#..... ....
#.....<...#.#. ...
......#.###..##.#
........).##.#..#
...........#...#####
......#.#.....>.....
......#...##..#####
.....###.......###### .
.....###.####...@lS.# ..
..∩......# #.#####(#####.###
....###..## #.# #..........
....# ##..###.# #....!.....
....# #....#.## ##.........
....# #.#..............>....
....####.#...........∩.......
.............................
.........#..>................


You could see a wyvern and an adder.

Vanquished Creatures
  A hound (D:3)
  A centaur skeleton (D:4)
  An iguana (D:3)
  A worker ant (D:4)
  A howler monkey skeleton (D:4)
  2 adders
  An ooze (D:2)
  A worm (D:2)
  2 giant cockroaches
  7 goblins
  5 hobgoblins
  6 kobolds
  A ball python (D:1)
  3 bats
  A frilled lizard (D:1)
  4 rats
38 creatures vanquished.

Notes
Turn   | Place    | Note
-------+----------+-------------------------------------------
     0 | D:1      | Mrkan the Gnoll Fighter began the quest for the Orb.
     0 | D:1      | Reached XP level 1. HP: 23/23 MP: 1/1
   462 | D:1      | Reached XP level 2. HP: 29/29 MP: 2/2
   807 | D:2      | Reached XP level 3. HP: 35/35 MP: 3/3
  1110 | D:2      | Found a shadowy altar of Dithmenos.
  1523 | D:3      | Reached skill level 1 in Invocations
  1525 | D:3      | Reached skill level 1 in Short Blades
  1525 | D:3      | Reached skill level 1 in Long Blades
  1525 | D:3      | Reached skill level 1 in Axes
  1525 | D:3      | Reached skill level 1 in Maces & Flails
  1525 | D:3      | Reached skill level 1 in Staves
  1525 | D:3      | Reached skill level 1 in Slings
  1525 | D:3      | Reached skill level 1 in Bows
  1525 | D:3      | Reached skill level 1 in Crossbows
  1525 | D:3      | Reached skill level 1 in Throwing
  1525 | D:3      | Reached skill level 1 in Dodging
  1525 | D:3      | Reached skill level 1 in Stealth
  1525 | D:3      | Reached skill level 1 in Unarmed Combat
  1525 | D:3      | Reached skill level 1 in Spellcasting
  1525 | D:3      | Reached skill level 1 in Evocations
  1525 | D:3      | Reached XP level 4. HP: 31/41 MP: 5/5
  2020 | D:3      | Reached skill level 1 in Conjurations
  2020 | D:3      | Reached skill level 1 in Hexes
  2020 | D:3      | Reached skill level 1 in Charms
  2020 | D:3      | Reached skill level 1 in Summonings
  2020 | D:3      | Reached skill level 1 in Necromancy
  2020 | D:3      | Reached skill level 1 in Translocations
  2020 | D:3      | Reached skill level 1 in Transmutations
  2020 | D:3      | Reached skill level 1 in Fire Magic
  2020 | D:3      | Reached skill level 1 in Ice Magic
  2020 | D:3      | Reached skill level 1 in Air Magic
  2020 | D:3      | Reached skill level 1 in Earth Magic
  2020 | D:3      | Reached skill level 1 in Poison Magic
  2206 | D:4      | Found Rili Xeg's Antique Armour Shoppe.
  2213 | D:4      | Reached XP level 5. HP: 28/47 MP: 5/7
  2363 | D:4      | Found Gedac's Food Shop.
  2419 | D:4      | Found Dyoxka Wadas's Book Shoppe.
  2420 | D:4      | Noticed a wyvern
  2434 | D:4      | Slain by a wyvern

Skill      XL: |  1  2  3  4 |
---------------+-------------+-----
Invocations    | 1 |  1.7
Short Blades   | 1 |  1.5
Long Blades    | 1 |  1.5
Axes           | 1 |  1.5
Maces & Flails | 1 |  1.5
Staves         | 1 |  1.5
Slings         | 1 |  1.5
Bows           | 1 |  1.5
Crossbows      | 1 |  1.5
Throwing       | 1 |  1.5
Dodging        | 1 |  1.5
Stealth        | 1 |  1.5
Unarmed Combat | 1 |  1.5
Spellcasting   | 1 |  1.5
Evocations     | 1 |  1.5
Conjurations   | 1 |  1.2
Hexes          | 1 |  1.2
Charms         | 1 |  1.2
Summonings     | 1 |  1.2
Necromancy     | 1 |  1.2
Translocations | 1 |  1.2
Transmutations | 1 |  1.2
Fire Magic     | 1 |  1.2
Ice Magic      | 1 |  1.2
Air Magic      | 1 |  1.2
Earth Magic    | 1 |  1.2
Poison Magic   | 1 |  1.2
Fighting       | |  6.7
Polearms       | |  4.8
Armour         | |  6.7
Shields        | |  6.7

Action                   |  1- 3 |  4- 6 || total
-------------------------+-------+-------++-------
Melee: Trident           |    92 |    45 ||   137
       Bite              |    10 |     9 ||    19
  Eat: Chunk             |     1 |     3 ||     4
Armor: Scale mail        |    36 |     1 ||    37
       Chain mail        |       |     7 ||     7
Dodge: Dodged            |    38 |    10 ||    48
Block: Shield            |    46 |    26 ||    72
